 Dungeon Crawl Stone Soup version 0.30-a0-862-g1aabd4f9c5 (webtiles) character file.

Game seed: 2886602499304333271

1887 jasper the Carver (level 8, -2/62 HPs)
             Began as a Demonspawn Fighter on Mar 9, 2023.
             Was a Priest of Wu Jian.
             Succumbed to a hornet's poison
             ... on level 7 of the Dungeon.
             The game lasted 00:11:00 (5192 turns).

jasper the Carver (Demonspawn Fighter)              Turns: 5192, Time: 00:11:01

Health: -2/62      AC: 14    Str: 15 (17) XL:     8   Next: 92%
Magic:  3/17       EV:  9    Int:  7 (10) God:    Wu Jian [***...]
Gold:   226        SH:  4    Dex: 10 (12) Spells: 7/7 levels left

rFire   + + .      SeeInvis +    a - +0 long sword
rCold   . . .      Faith    .    c - +0 buckler
rNeg    . . .      Spirit   +    j - quicksilver dragon scales
rPois   .          Reflect  .    (no helmet)
rElec   .          Rampage  .    d - +0 cloak
rCorr   .                        (no gloves)
Will    +++..                    o - +1 pair of boots Stlth
                                 y - amulet of Qalonol {RegenMP rF+ Will+ MP+9 Dex-2}
HPRegen 0.30/turn                f - ring of see invisible
MPRegen 0.70/turn                n - ring of protection from fire

@: lethally poisoned (-2 -> -14), slowed, studying Shields, very slow
A: magic shield, magic regeneration, demonic magic 1, hooves 1, strong-willed 1
a: Renounce Religion, Wall Jump, Serpent's Lash


You were on level 7 of the Dungeon.
You worshipped Wu Jian.
Wu Jian was most pleased with you.
You visited 1 branch of the dungeon, and saw 7 of its levels.

You collected 226 gold pieces.

Inventory:

Hand Weapons
 a - a +0 long sword (weapon)
 h - a +0 dagger of draining
Missiles
 k - 35 stones (quivered)
 r - 5 datura-tipped darts
 s - 5 silver javelins
Armour
 b - a +0 scale mail
 c - a +0 buckler (worn)
 d - a +0 cloak (worn)
 g - a +0 plate armour
 j - quicksilver dragon scales (worn)
 o - a +1 pair of boots (worn)
Jewellery
 f - a ring of see invisible (left hand)
 i - an amulet of the acrobat
 n - a ring of protection from fire (right hand)
 t - a ring of willpower
 y - the amulet of Qalonol (around neck) {RegenMP rF+ Will+ MP+9 Dex-2}
   (You found it on level 4 of the Dungeon)

   [amulet of magic regeneration]

   It increases your rate of magic regeneration.
   Dex:       It affects your dexterity (-2).
   rF:        It protects you from fire.
   MP:        It affects your magic capacity (+9).
   Will:      It increases your willpower.
Scrolls
 l - 2 scrolls of teleportation
 x - a scroll of identify
Potions
 e - 3 potions of flight


   Skills:
 + Level 5.0 Fighting
 * Level 8.9 Long Blades
 + Level 4.6 Armour
 - Level 4.0 Shields


You had 7 spell levels left.
You didn't know any spells.
Your spell library contained the following spells:

 Spells                   Type           Power      Damage    Failure   Level
 Inner Flame              Hex/Fire       0%         N/A       98%         3
 Flame Wave               Conj/Fire      0%         2d4       100%        4
 Sticky Flame             Conj/Fire      0%         2d3       100%        4


Dungeon Overview and Level Annotations

Branches:
Dungeon (7/15)             Temple (0/1) D:5

Altars:
Cheibriados
Fedhas
Wu Jian
Yredelemnul

Portals:
Bailey: D:7

Annotations:
D:2 1 runed translucent door, Crazy Yiuf
D:6 Dowan, Duvessa


Innate Abilities, Weirdness & Mutations

When hurt, damage is shared between your health and your magic reserves.
You regenerate magic rapidly.
Spells you cast may paralyse adjacent enemies.
You have large cloven feet.
You are strong-willed. (Will+)


Message History

The hornet barely misses you.
You barely miss the hornet.
The hornet is moderately wounded.
The hornet stings you!
You are poisoned.
You feel yourself slow down. The hornet closely misses you.
You take 7 damage, and have 22/62 hp.
You now have 13/17 mp.
You feel better.
You feel yourself speed up. The hornet stings you.
You are poisoned.
You feel yourself slow down. You block the hornet's attack.
You regained 5 hp, and now have 27/62 hp.
You now have 12/17 mp.
As you read the scroll of teleportation, it crumbles to dust.
You feel strangely unstable.
You feel very sick. The hornet stings you!
* * * LOW HITPOINT WARNING * * *
You feel as though you will be slow longer.
The hornet stings you but does no damage.
You take 9 damage, and have 18/62 hp.
You now have 10/17 mp.
You feel very sick. The hornet stings you!
* * * LOW HITPOINT WARNING * * *
You are lethally poisoned!
You feel as though you will be slow longer.
You take 8 damage, and have 10/62 hp.
You now have 8/17 mp.
Your surroundings suddenly seem different.
An orc and an orc priest come into view.
* * * LOW HITPOINT WARNING * * *
You feel very sick.
The orc shouts!
The orc priest shouts!
The orc priest invokes the aid of Beogh against you.
Beogh smites you!
* * * LOW HITPOINT WARNING * * *
You take 9 damage, and have 1/62 hp.
You now have 2/17 mp.
You hit the orc.
The orc is lightly wounded.
You die...

.......###YY....,*
######## *,....#.#
**,..##.# #
*******####.####* #*
*,,,,,,,..#.#..,* .#*
*,**,,,>>.....*+**** ..#*
*,**,****,...,+∩+,,*
...#**,**,* *,#.#,*+**,*
#o..#*,**,****,#@#,*,**,*
#....,,,,,,,,,,#o....#*,*
#,...,,,,,*,,,,..o..##*,*
,,,,**,****,*,.###.##**,*
**,,**,* *,,,..,,,..,,,,*
,,,,**,* *,,..,*,*###****
*,,,,*,***,...,*,*
*,,,,*,,,,...,,,,*
*,,,,,,,,,,,,,,,,*


You could see an orc priest and an orc.

Vanquished Creatures
  Pikel (D:5)
  Grinder (D:5)
  A wraith (D:7)
  Menkaure (D:7)
  2 black bears
  2 ice beasts (D:5)
  A lemure (D:5)
  2 bullfrogs
  A scorpion (D:7)
  6 hounds
  A jelly (D:7)
  2 orc priests (D:5)
  An orc wizard (D:5)
  6 adders
  2 gnolls (D:3)
  2 worms
  9 orcs
  9 endoplasms
  3 giant cockroaches
  11 goblins
  A hobgoblin (D:3)
  8 quokkas
  7 ball pythons
  5 bats
  5 frilled lizards
  11 kobolds
  5 rats
106 creatures vanquished.

Vanquished Creatures (collateral kills)
  2 gnolls (D:3)
2 creatures vanquished.

Grand Total: 108 creatures vanquished

Notes
Turn   | Place    | Note
-------+----------+-------------------------------------------
     0 | D:1      | jasper the Demonspawn Fighter began the quest for the Orb.
     0 | D:1      | Reached XP level 1. HP: 18/18 MP: 1/1
   109 | D:1      | Gained mutation: You regenerate magic rapidly. [demonic
                  | ancestry]
   109 | D:1      | Reached XP level 2. HP: 9/17 MP: 2/2
   601 | D:1      | Found a faded altar of an unknown god.
   661 | D:1      | Prayed at the altar of an unknown god.
   661 | D:1      | Became a worshipper of the Wu Jian Council
   661 | D:1      | Reached * piety under Wu Jian
   971 | D:2      | Reached XP level 3. HP: 27/27 MP: 3/3
  1363 | D:2      | Found a runed translucent door.
  1364 | D:2      | Noticed Crazy Yiuf
  1448 | D:2      | Reached skill level 2 in Long Blades
  1695 | D:2      | Found a blossoming altar of Fedhas.
  2313 | D:3      | Gained mutation: When hurt, damage is shared between your
                  | health and your magic reserves. [demonic ancestry]
  2313 | D:3      | Reached XP level 4. HP: 35/35 MP: 4/4
  2482 | D:3      | Identified a scroll of acquirement
  2482 | D:3      | Acquired a manual of Shields
  2555 | D:3      | Reached skill level 3 in Long Blades
  2558 | D:3      | Reached ** piety under Wu Jian
  3215 | D:4      | Reached XP level 5. HP: 41/41 MP: 5/5
  3417 | D:4      | Reached skill level 4 in Long Blades
  3641 | D:4      | Identified the amulet of Qalonol {RegenMP rF+ Will+ MP+9
                  | Dex-2}
  4048 | D:5      | Entered Level 5 of the Dungeon
  4064 | D:5      | Noticed an ice beast
  4143 | D:5      | Noticed an ice beast
  4143 | D:5      | Found a staircase to the Ecumenical Temple.
  4153 | D:5      | Killed an ice beast
  4154 | D:5      | Reached skill level 5 in Long Blades
  4154 | D:5      | Reached XP level 6. HP: 47/47 MP: 6/6
  4173 | D:5      | Found a snail-covered altar of Cheibriados.
  4194 | D:5      | Reached skill level 6 in Long Blades
  4197 | D:5      | Found a basalt altar of Yredelemnul.
  4292 | D:5      | Reached XP level 7. HP: 52/52 MP: 7/7
  4349 | D:5      | Reached *** piety under Wu Jian
  4360 | D:5      | Reached skill level 7 in Long Blades
  4544 | D:5      | Noticed Pikel
  4563 | D:5      | Killed Pikel
  4564 | D:5      | Gained mutation: Spells you cast may paralyse adjacent
                  | enemies. [demonic ancestry]
  4564 | D:5      | Reached XP level 8. HP: 44/60 MP: 8/8
  4735 | D:5      | Noticed Grinder
  4743 | D:5      | Killed Grinder
  4744 | D:5      | Reached skill level 8 in Long Blades
  4975 | D:6      | Noticed Duvessa
  4975 | D:6      | Noticed Dowan
  5115 | D:7      | Noticed Menkaure
  5120 | D:7      | Gained mutation: You are strong-willed. (Will+) [potion of
                  | mutation]
  5120 | D:7      | Gained mutation: You have large cloven feet. [potion of
                  | mutation]
  5136 | D:7      | Killed Menkaure
  5137 | D:7      | Reached skill level 5 in Fighting
  5177 | D:7      | Found a flagged portal.
  5180 | D:7      | Noticed a hornet
  5191 | D:7      | HP: 1/62 [orc priest/divine providence (3)]
  5192 | D:7      | Succumbed to a hornet's poison

Illustrated notes

Levels and vault maps discovered:
D:1:      minmay_arrival_four_circles, layout_loops_ring,
          ebering_ecumenical_altar_abandoned, chequers_garden,
          minmay_misc_feat_x, dk_noncrumbling_3
D:2:      minmay_general_purpose_star, layout_basic, basic_altar,
          minmay_tromino_v4_b, uniq_crazy_yiuf_cottage
D:3:      layout_loops_ring, mainiacjoe_overflow_six_doors_small
D:4:      layout_gridville, kennysheep_generic_room_5
D:5:      layout_rooms, cheibriados_altar_1, yredelemnul_altar_generic,
          minmay_temple_entry_tees, uniq_grinder, uniq_pikel
D:6:      layout_basic, mainiacjoe_overflow_small_starburst,
          nicolae_grassy_gnolls, uniq_duvessa
D:7:      hangedman_cross_stitches, layout_loops_ring, serial_shops,
          nicolae_shop_behind_doors, enter_bailey_6, uniq_menkaure

Skill      XL: |  1  2  3  4  5  6  7  8 |
---------------+-------------------------+-----
Shields        | 3 4 |  4.0
Long Blades    | 2 3 5 6 7 8 |  8.9
Armour         | 3 4 |  4.6
Fighting       | 5 |  5.0

Action                     |  1- 3 |  4- 6 |  7- 9 || total
---------------------------+-------+-------+-------++-------
  Melee: Long sword        |   155 |   150 |   176 ||   481
  Throw: Stone             |     5 |       |       ||     5
         Dart              |       |     2 |       ||     2
         Javelin           |       |     1 |       ||     1
Ability: Lunge             |     6 |    11 |     6 ||    23
         Whirlwind         |     1 |     3 |     2 ||     6
    Use: Scroll            |     3 |     8 |     4 ||    15
         Potion            |       |     1 |    10 ||    11
   Stab: Invisible         |       |       |     1 ||     1
 Armour: Scale mail        |    11 |       |       ||    11
         Quicksilver drago |    89 |    69 |    82 ||   240
  Dodge: Dodged            |    81 |    75 |    71 ||   227
  Block: Buckler           |    48 |    45 |    37 ||   130

Table legend: (Time is in decaauts)
 A = Elapsed time spent in this place.
 B = Non-inter-level travel time spent in this place.
 C = Inter-level travel time spent in this place.
 D = Time resting spent in this place.
 E = Time spent auto-exploring this place.
 F = Levels seen in this place.
 G = Mean time per level.
                   A        B        C        D        E       F      G
               +--------+--------+--------+--------+--------+-----+--------+
         Total |   5329 |   4953 |    376 |    469 |   3135 |   7 |  761.3 |
       Dungeon |   5329 |   4953 |    376 |    469 |   3135 |   7 |  761.3 |
               +--------+--------+--------+--------+--------+-----+--------+

Top non-repeatable levels by time:
     D:2: 1287 daAuts
     D:1: 1039 daAuts
     D:4: 937 daAuts
     D:3: 921 daAuts
     D:5: 753 daAuts
     D:7: 214 daAuts
     D:6: 176 daAuts
